Map: Disco Bloodbath LE

Players

Serral - Winner!

  • Race: Zerg Zerg
  • League: Master
  • Spawn Location: 9:00

ShoWTimE

  • Race: Protoss Protoss
  • League: Grandmaster
  • Spawn Location: 3:00

Event: HomeStory Cup XX

VOD

Have the link to the VOD?

Description

Time

  • Played on: Nov. 22, 2019, 5:06 p.m.
  • Length: 15:53

All games in this series

Show
View Real Time Build Order
Export as new Build Order

Serral Zerg - Winner!

Build Orders: Hatch First, Swarm Host 

Get SALT Encoding   

  12  0:01  Drone  
  13  0:13  Overlord  
  13  0:16  Drone  
  14  0:31  Drone  
  14  0:32  Drone  
  16  0:48  Hatchery  
  15  0:51  Drone  
  15  0:54  Drone  
  17  0:58  Drone  
  18  1:08  Extractor  
  17  1:13  Spawning Pool  
  17  1:16  Drone  
  17  1:20  Drone  
  18  1:29  Drone  
  19  1:40  Drone  
  20  1:50  Overlord  
  20  2:00  Queen x2  
  24  2:01  Zergling x4  
  26  2:12  Drone x2  
  26  2:13  Metabolic Boost  
  28  2:23  Drone x2  
  30  2:36  Hatchery  
  29  2:38  Drone  
  30  2:44  Queen  
  30  2:49  Overlord  
  32  2:52  Drone  
  32  2:55  Drone  
  34  2:59  Drone x2  
  35  3:09  Drone x2  
  35  3:10  Drone x2  
  35  3:11  Overlord  
  39  3:14  Drone  
  40  3:20  Queen  
  40  3:23  Zergling x2  
  43  3:32  Spore Crawler, Drone  
  43  3:33  Drone  
  44  3:36  Drone  
  45  3:41  Drone x2  
  45  3:42  Drone  
  45  3:47  Overlord  
  48  3:51  Queen  
  48  3:52  Drone  
  48  3:53  Drone x3  
  54  3:59  Drone, Overlord  
  54  4:01  Overlord  
  55  4:07  Zergling x4  
  57  4:10  Spore Crawler, Drone x2  
  57  4:11  Drone  
  57  4:12  Drone  
  57  4:14  Drone  
  61  4:17  Overlord  
  61  4:22  Zergling x2  
  61  4:23  Zergling x2, Evolution Chamber  
  62  4:28  Spore Crawler, Drone  
  62  4:29  Zergling x4  
  64  4:35  Queen  
  66  4:39  Drone x4  
  66  4:42  Zergling x2  
  71  4:49  Zergling x8  
  73  4:54  Zerg Melee Weapons Level 1  
  73  4:57  Drone x3  
  74  5:03  Lair  
  74  5:04  Extractor  
  74  5:05  Extractor  
  74  5:06  Drone  
  73  5:07  Spore Crawler  
  73  5:10  Overlord  
  73  5:12  Zergling x2  
  73  5:13  Drone x2  
  75  5:17  Zergling x6  
  78  5:23  Zergling x6  
  78  5:24  Roach Warren  
  81  5:28  Zergling x4  
  81  5:34  Overlord  
  81  5:40  Zergling x8  
  81  5:41  Zergling x4  
  79  5:44  Zergling x2  
  75  5:50  Zergling x6  
  75  5:56  Drone x3  
  77  6:04  Drone x3  
  76  6:11  Queen x3  
  76  6:17  Roach x6  
  91  6:25  Roach x4  
  97  6:30  Glial Reconstitution  
  97  6:36  Overlord  
  97  6:39  Overlord x2  
  97  6:40  Overlord  
  97  6:41  Overlord  
  97  6:47  Overlord  
  97  6:59  Roach  
  97  7:00  Roach x5  
  109  7:04  Roach x2  
  113  7:13  Roach x2  
  105  7:24  Roach x3  
  105  7:25  Zergling x8  
  106  7:37  Zergling x6  
  98  7:52  Zergling x4  
  98  7:57  Zergling x4  
  102  8:09  Drone x4  
  95  8:28  Drone x7  
  99  8:44  Drone x5  
  101  8:50  Drone  
  101  8:51  Drone x2  
  100  9:12  Drone x3  
  100  9:16  Drone x2  
  102  9:21  Extractor  
  102  9:22  Spire  
  102  9:23  Hatchery  
  105  9:24  Roach x3  
  105  9:26  Drone  
  106  9:32  Drone x3  
  111  9:38  Roach  
  111  9:40  Roach  
  113  9:50  Roach  
  115  10:06  Roach x8  
  131  10:10  Extractor x2  
  129  10:19  Overlord  
  129  10:20  Overlord  
  129  10:30  Infestation Pit  
  129  10:31  Drone x3  
  129  10:35  Zerg Missile Weapons Level 1, Overlord  
  132  10:39  Ravager  
  132  10:40  Ravager x4  
  132  10:41  Drone x4  
  132  10:42  Drone x2  
  143  10:59  Overlord x2  
  143  11:03  Drone x2  
  145  11:06  Nydus Network  
  144  11:12  Drone  
  144  11:13  Swarm Host  
  144  11:14  Swarm Host x4  
  160  11:19  Swarm Host  
  163  11:27  Swarm Host x2  
  169  11:38  Swarm Host x2  
  175  11:40  Swarm Host  
  175  11:44  Nydus Canal  
  175  11:45  Zergling x4  
  178  11:47  Hatchery  
  177  12:03  Nydus Canal  
  177  12:07  Zergling x2  
  177  12:08  Zergling x6  
  178  12:10  Baneling Nest  
  174  12:17  Drone  
  174  12:18  Drone x3  
  174  12:21  Overlord x4  
  178  12:29  Zerg Melee Weapons Level 2  
  178  12:36  Zergling x2  
  178  12:41  Ravager  
  178  12:42  Ravager x3  
  182  12:45  Zergling x22  
  171  13:02  Roach x10  
  172  13:16  Roach x6  
  183  13:25  Ravager x4  
  187  13:27  Centrifical Hooks  
  187  13:28  Zergling x8  
  187  13:32  Nydus Canal  
  191  13:36  Baneling x10  
  191  13:41  Zergling x6  
  192  13:52  Ravager x2  
  194  13:56  Nydus Canal  
  194  13:58  Zergling x10  
  197  14:06  Baneling x3  
  187  14:11  Overlord  
  180  14:18  Zergling x10  
  180  14:19  Zergling x14  
  184  14:29  Zergling x24  
  196  14:33  Baneling x8  
  196  14:36  Ravager x2  
  196  14:37  Baneling x10  
  196  14:38  Baneling  
  198  14:47  Nydus Canal  
  194  14:58  Zergling x14, Roach x2  
  190  15:09  Zergling x6  
  190  15:10  Zergling x12  
  190  15:13  Zergling x2  
  190  15:14  Zergling x4  
  157  15:22  Zergling x8  
  157  15:23  Zergling x2  
  161  15:36  Zergling x16  
Show
View Real Time Build Order
Export as new Build Order

ShoWTimE Protoss 

Build Orders: 1 Gate Expand, Oracle Opening, Phoenix Opening 

Get SALT Encoding   

  12  0:00  Probe  
  13  0:12  Probe  
  14  0:17  Pylon  
  14  0:24  Probe  
  15  0:32  Probe  
  15  0:38  Gateway  
  15  0:40  Probe  
  16  0:46  Assimilator  
  17  0:51  Probe  
  18  1:03  Probe  
  19  1:15  Probe  
  20  1:23  Nexus  
  20  1:27  Probe  
  21  1:37  Cybernetics Core  
  21  1:41  Assimilator  
  21  1:44  Probe  
  22  1:53  Pylon  
  22  1:56  Probe  
  23  2:03  Adept  
  23  2:12  Probe  
  26  2:16  Stargate  
  26  2:22  Warp Gate  
  26  2:24  Probe  
  27  2:32  Probe x2  
  27  2:33  Adept  
  31  2:40  Probe x2  
  31  2:50  Probe x2  
  33  2:51  Oracle  
  35  3:02  Probe x2  
  40  3:13  Gateway  
  40  3:14  Probe x2  
  40  3:17  Gateway  
  42  3:22  Pylon  
  42  3:26  Probe x2  
  44  3:30  Phoenix  
  46  3:40  Probe x2, Twilight Council  
  48  3:43  Adept  
  50  3:52  Pylon, Resonating Glaives, Probe x2  
  52  3:56  Assimilator  
  52  4:04  Pylon  
  52  4:17  Pylon  
  52  4:20  Adept x2  
  52  4:21  Adept  
  58  4:24  Pylon  
  58  4:31  Gateway  
  58  4:32  Gateway  
  58  4:34  Gateway  
  58  4:42  Robotics Facility  
  58  4:52  Adept x3  
  60  5:03  Gateway  
  60  5:04  Pylon, Gateway  
  60  5:13  Adept  
  60  5:14  Adept x2  
  66  5:21  Pylon  
  66  5:27  Warp Prism  
  66  5:32  Adept  
  66  5:33  Adept x2  
  70  5:45  Adept  
  70  5:46  Adept x2  
  70  5:57  Adept x3  
  70  5:58  Adept  
  70  6:24  Adept x4  
  70  6:25  Adept x4  
  82  6:30  Pylon  
  82  6:47  Adept x8  
  82  6:53  Adept x8  
  98  7:00  Pylon  
  94  7:17  Adept x5  
  94  7:18  Adept x3  
  86  7:39  Adept x7  
  94  7:44  Adept  
  88  8:02  Adept x6  
  100  8:05  Adept  
  100  8:08  Adept  
  92  8:27  Adept x5  
  92  8:33  Adept x2  
  90  8:47  Adept x5  
  88  8:55  Robotics Bay  
  78  9:02  Probe x2  
  70  9:04  Immortal  
  70  9:14  Probe  
  69  9:17  Assimilator  
  69  9:23  Robotics Facility  
  67  9:25  Pylon, Sentry  
  67  9:26  Sentry  
  71  9:33  Disruptor  
  74  9:53  Pylon  
  74  9:54  Nexus  
  74  9:59  Disruptor  
  74  10:01  Probe x2  
  74  10:07  Disruptor, Sentry x2  
  83  10:21  Probe x2  
  88  10:23  Phoenix  
  90  10:33  Probe  
  91  10:44  Adept x4  
  91  10:47  Disruptor  
  102  11:00  Phoenix  
  104  11:05  Shield Battery  
  104  11:08  Probe x3  
  107  11:11  Shield Battery  
  107  11:14  Pylon  
  107  11:17  Disruptor  
  107  11:19  Disruptor  
  110  11:30  Probe x2  
  115  11:33  Assimilator  
  115  11:37  Assimilator  
  115  11:42  Blink  
  115  11:46  Zealot x4  
  123  11:54  Probe  
  123  11:58  Disruptor  
  127  12:08  Stalker x3  
  133  12:20  Stalker x3  
  139  12:25  Stalker  
  126  13:05  Stalker x6  
  123  13:29  Stalker x2  
  123  13:30  Stalker x3  
  123  13:32  Zealot x2  
  134  13:42  Pylon  
  134  13:45  Pylon  
  134  13:46  Pylon  
  134  13:51  Pylon  
  134  13:54  Pylon  
  134  14:00  Pylon, Observer  
  134  14:01  Pylon  
  133  14:06  Zealot x5  
  143  14:14  Disruptor  
  143  14:20  Zealot x3  
  143  14:21  Disruptor  
  147  14:39  Disruptor  
  147  14:41  Adept x5  
  147  14:42  Adept  
  154  15:01  Stalker x3  
  154  15:04  Stalker  
  116  15:16  Stalker x3  
  99  15:26  Stalker x2  
  93  15:45  Stalker x3  
Tags
 
Add a new tag
Caveats
  • Supply blocks, unpowered buildings, or Contaminate may cause inaccurate times.
  • Supply counts are checked every 10 seconds.